 Dungeon Crawl Stone Soup version 0.23-a0-389-g4a5eb334b0 (webtiles) character file.

3710 PikkenKukken the Covert (level 9, -8/44 HPs)
             Began as a Spriggan Warper on Oct 30, 2018.
             Mangled by a wight
             ... wielding a +3 halberd
              (14 damage)
             ... on level 7 of the Dungeon.
             The game lasted 00:36:03 (13294 turns).

PikkenKukken the Covert (Spriggan Warper)          Turns: 13294, Time: 00:36:03

Health: -8/44      AC:  4    Str:  7    XL:     9   Next: 91%
Magic:  16/16      EV: 22    Int: 16    God:
Gold:   330        SH:  8    Dex: 21    Spells: 1/16 levels left

rFire    + . .     SeeInvis +   a - +3 dagger (venom)
rCold    + . .     Gourm    .   u - +1 buckler of Exzegunk {rPois}
rNeg     . . .     Faith    .   z - +0 robe
rPois    +         Spirit   .   (helmet restricted)
rElec    .         Reflect  .   v - scarf {rC+ rF+}
rCorr    .         Harm     .   (gloves unavailable)
MR       +....                  (boots unavailable)
Stlth    +++++.....             (no amulet)
HPRegen  0.14/turn              C - +2 ring of protection
MPRegen  0.15/turn              E - +4 ring of dexterity

@: heavily drained, very quick
A: very small, unfitting armour, see invisible, herbivore, speed 3, slow
metabolism 2
a: no special abilities


You were on level 7 of the Dungeon.
You were not hungry.

You visited 2 branches of the dungeon, and saw 9 of its levels.

You collected 330 gold pieces.

Inventory:

Hand Weapons
 a - a +3 dagger of venom (weapon)
 b - a +0 blowgun
 o - a +0 short sword
Missiles
 e - 5 tomahawks of dispersal (quivered)
 h - 27 poisoned needles
 p - 3 steel tomahawks
 q - 4 curare-tipped needles
 A - 3 tomahawks
Armour
 r - a +0 cloak
 u - the +1 buckler of Exzegunk (worn) {rPois}
   (You found it on level 5 of the Dungeon)

   It protects you from poison.
 v - a scarf of resistance (worn)
 z - a +0 robe (worn)
Jewellery
 C - a +2 ring of protection (left hand)
 E - a +4 ring of dexterity (right hand)
Wands
 y - a wand of disintegration (9)
 B - a wand of random effects (12)
 D - a wand of polymorph (2)
Scrolls
 d - 4 scrolls of blinking
 k - 5 scrolls of remove curse
 l - 2 scrolls of amnesia
 n - a scroll of identify
 t - 2 scrolls of teleportation
 w - 2 scrolls of enchant weapon
Potions
 c - a potion of magic {unknown}
 g - 2 potions of lignification
 i - 2 potions of brilliance {unknown}
 j - 4 potions of flight
 m - 5 potions of heal wounds
 s - 2 potions of curing {unknown}
 x - a potion of agility {unknown}
Comestibles
 f - 5 rations


   Skills:
 + Level 3.4(2.1) Fighting
 + Level 7.4(5.9) Short Blades
 - Level 3.3(1.9) Throwing
 - Level 8.0(6.4) Dodging
 + Level 11.4(9.7) Stealth
 - Level 4.1(2.7) Shields
 - Level 4.0(2.6) Spellcasting
 - Level 7.0(5.4) Translocations


You had one spell level left.
You knew the following spells:

 Your Spells              Type           Power        Failure   Level  Hunger
a - Blink                 Tloc           N/A          4%          2    ##.....
b - Lesser Beckoning      Tloc           ###.......   9%          3    ###....
c - Teleport Other        Tloc           ###.....     9%          3    ###....
d - Passage of Golubria   Tloc           N/A          28%         4    #####..
e - Gell's Gravitas       Tloc           ###.......   9%          3    ###....

Your spell library contained the following spells:

 Spells                   Type           Power        Failure   Level  Hunger
 Shroud of Golubria       Chrm/Tloc      ##........   13%         2    ##.....


Dungeon Overview and Level Annotations

Branches:
Dungeon (8/15)             Temple (1/1) D:5
   Lair: D:8-11

Altars:
Ashenzari
Dithmenos
Elyvilon
Fedhas
Hepliaklqana
Kikubaaqudgha
Okawaru
Qazlal
Ru
Sif Muna
Trog
Vehumet
Wu Jian
Xom
Zin
The Shining One

Shops:
D:6 (

Annotations:
D:3 1 runed door
D:7 Harold


Innate Abilities, Weirdness & Mutations

You are very small and have problems with some larger weapons.
You are too small for most types of armour.
You have supernaturally acute eyesight. (SInv)
You are a herbivore.
You cover ground extremely quickly.
You need to consume almost no food.


Message History

You hit the wight but do no damage.
The wight is heavily damaged.
You block the wight's attack.
You hit the wight.
The wight is severely damaged.
The wight closely misses you.
You hit the wight.
The wight is severely damaged.
You closely miss the wight.
The wight is severely damaged.
The wight hits you with a +3 halberd!!
* * * LOW HITPOINT WARNING * * *
You feel drained.
* * * LOW HITPOINT WARNING * * *
You hit the wight but do no damage.
The wight is severely damaged.
Your shield prevents you from hitting the wight.
The wight is severely damaged.
The wight hits you with a +3 halberd!
You die...

..########.@((###### .. .##
####...(..## ##.# ## ######..#
#..# ##.###.#########
###..............
##.....#####......
###.......####......
###.(.......p..##z....
#....@[........)...... ..⌠....###
#...(.z............... .........#
####(................. 8...8....
#.[................ ........
##(.................
..8...########.(.............##..
.....##....#..[...........p..##.#
#...##........[..............##.#
##.##.#......#...............##.#


You could see a wight and a neutral freed slave (wandering).

Vanquished Creatures
  Pikel (D:6)
  Joseph (D:7)
  Prince Ribbit (D:6)
  Sigmund (D:2)
  An orc warrior (D:6)
  An ice beast (D:5)
  A hornet zombie (D:7)
  An ogre (D:5)
  3 centaurs
  2 phantoms (D:6)
  A big kobold (D:6)
  A bullfrog (D:6)
  A gnoll sergeant (D:6)
  3 scorpions
  5 killer bees
  2 wights
  3 howler monkeys
  A centaur zombie (D:5)
  3 crimson imps
  A jelly (D:5)
  7 orc wizards
  4 orc priests
  2 hounds
  Jessica (D:3)
  3 iguanas
  Natasha (thrice) (D:3)
  4 worker ants
  11 gnolls
  9 adders
  3 oozes
  2 adder skeletons (D:7)
  An adder zombie (D:3)
  A worm (D:2)
  2 dart slugs
  2 leopard geckos
  32 orcs
  A ball python (D:4)
  6 bats
  7 giant cockroaches
  8 goblins
  4 hobgoblins
  15 jackals
  2 quokkas
  6 frilled lizards
  16 kobolds
  10 rats
196 creatures vanquished.

Vanquished Creatures (others)
  A slave (D:7)
  A worker ant zombie (D:7)
2 creatures vanquished.

Grand Total: 198 creatures vanquished

Notes
Turn   | Place    | Note
-------+----------+-------------------------------------------
     0 | D:1      | PikkenKukken the Spriggan Warper began the quest for the
                  | Orb.
     0 | D:1      | Reached XP level 1. HP: 10/10 MP: 5/5
    84 | D:1      | Reached skill level 1 in Stealth
   222 | D:1      | Reached skill level 2 in Stealth
   222 | D:1      | Reached XP level 2. HP: 14/14 MP: 6/6
   226 | D:1      | Learned a level 2 spell: Blink
   248 | D:1      | Reached skill level 3 in Stealth
  1083 | D:2      | Reached skill level 4 in Stealth
  1100 | D:2      | Reached XP level 3. HP: 18/18 MP: 8/8
  1105 | D:2      | Learned a level 3 spell: Teleport Other
  1813 | D:2      | Reached XP level 4. HP: 21/22 MP: 9/9
  1900 | D:2      | Reached skill level 5 in Stealth
  2192 | D:2      | Noticed Sigmund
  2213 | D:2      | Killed Sigmund
  2213 | D:2      | Reached skill level 5 in Translocations
  2213 | D:2      | Reached XP level 5. HP: 10/25 MP: 7/11
  2536 | D:2      | Reached XP level 6. HP: 30/30 MP: 12/12
  2658 | D:2      | Found a shimmering altar of Xom.
  2771 | D:3      | Noticed Natasha
  2773 | D:3      | Killed Natasha
  2773 | D:3      | Reached skill level 5 in Dodging
  2905 | D:3      | Reached skill level 6 in Stealth
  2945 | D:3      | Found a glowing silver altar of Zin.
  2945 | D:3      | Noticed an angel
  2998 | D:3      | Found a runed door.
  3251 | D:3      | Noticed Jessica
  3256 | D:3      | Killed Jessica
  3284 | D:3      | Noticed Natasha
  3767 | D:3      | Killed Natasha
  3896 | D:3      | Noticed Natasha
  3903 | D:3      | Killed Natasha
  3913 | D:4      | Learned a level 3 spell: Lesser Beckoning
  3918 | D:4      | Learned a level 4 spell: Passage of Golubria
  4538 | D:4      | Reached XP level 7. HP: 33/33 MP: 14/14
  4926 | D:5      | Entered Level 5 of the Dungeon
  5050 | D:5      | Got a heavily runed buckler
  5051 | D:5      | Found a staircase to the Ecumenical Temple.
  5071 | Temple   | Entered the Ecumenical Temple
  5355 | D:5      | Reached skill level 7 in Stealth
  5735 | D:5      | Reached skill level 1 in Shields
  5988 | D:5      | Reached XP level 8. HP: 37/37 MP: 15/15
  6136 | D:5      | Reached skill level 5 in Short Blades
  6136 | D:5      | Reached skill level 8 in Stealth
  6315 | D:5      | Learned a level 3 spell: Gell's Gravitas
  7099 | D:6      | Found Vulaehie's Antique Weapon Boutique.
  7232 | D:6      | Reached skill level 9 in Stealth
  7612 | D:7      | Noticed Prince Ribbit
  7756 | D:6      | Killed Prince Ribbit
  9087 | D:6      | Reached skill level 10 in Stealth
  9087 | D:6      | Reached XP level 9. HP: 35/41 MP: 16/16
 10348 | D:7      | Noticed Harold
 10580 | D:6      | Identified the +1 buckler of Exzegunk {rPois} (You found it
                  | on level 5 of the Dungeon)
 10708 | D:7      | Paralysed by Harold for 4 turns
 11491 | D:7      | Noticed Pikel
 11492 | D:7      | Noticed Joseph
 11634 | D:6      | Killed Pikel
 12057 | D:7      | Killed Joseph
 12057 | D:7      | Reached skill level 11 in Stealth
 13294 | D:7      | Mangled by a wight

Vault maps used:
D:1:      dpeg_arrival_simpleton_b
D:2:      tgw_xom, uniq_sigmund
D:3:      zin_angel, serial_bayou, serial_bayou_shore_b, serial_bayou_lagoon_a,
          serial_bayou_crossing, serial_bayou_shore_a, uniq_natasha,
          uniq_jessica, uniq_crazy_yiuf_cottage
D:5:      temple_statues, first_ration
D:6:      serial_shops, shop_fountains
D:7:      minmay_overflow_temple_star_hex, grunt_ogre_cave, uniq_joseph,
          uniq_harold, uniq_pikel, uniq_prince_ribbit1
D:8:      kennysheep_mini_moat, fedhas_bush_and_centaur_altar
Temple:   minmay_temple_curvy_branch

Skill      XL: |  1  2  3  4  5  6  7  8  9 |
---------------+----------------------------+-----
Stealth        | 2 4 5 6 7 10 11 | 11.4
Spellcasting   | 3 4 |  4.0
Dodging        | 4 5 6 8 |  8.0
Short Blades   | 3 4 6 7 |  7.4
Translocations | 5 6 7 |  7.0
Shields        | 1 3 4 |  4.1
Fighting       | 3 |  3.4
Throwing       | 3 |  3.3

Action                   |  1- 3 |  4- 6 |  7- 9 || total
-------------------------+-------+-------+-------++-------
Melee: Short sword       |    88 |       |       ||    88
       Dagger            |    25 |   140 |   646 ||   811
 Fire: Blowgun           |       |       |    79 ||    79
 Cast: Teleport Other    |     2 |       |     5 ||     7
       Blink             |       |     1 |     4 ||     5
       Lesser Beckoning  |       |       |     9 ||     9
  Use: Scroll            |     5 |     3 |     2 ||    10
       Potion            |       |       |     3 ||     3
 Stab: Sleeping          |     4 |     9 |    11 ||    24
       Distracted        |       |     2 |     3 ||     5
  Eat: Ration            |       |     1 |     6 ||     7
Armor: Robe              |     8 |     3 |    20 ||    31
Dodge: Dodged            |    79 |    71 |   474 ||   624
Block: Buckler           |       |       |    93 ||    93

Table legend:
 A = Non-vault XP
 B = Vault XP
 C = Vault XP percentage of total XP
 D = Non-vault monster count
 E = Vault monster count
 F = Vault count percentage of total count
                 A         B        C        D         E       F
            +---------+---------+-------+---------+---------+-------
      Total |    3654 |    1646 |  31.1 |     185 |      12 |   6.1
            +---------+---------+-------+---------+---------+-------
        D:1 |      41 |       0 |   0.0 |      15 |       0 |   0.0
        D:2 |      91 |     263 |  74.3 |      28 |       6 |  17.6
        D:3 |     140 |      73 |  34.3 |      24 |       3 |  11.1
        D:4 |     230 |       0 |   0.0 |      16 |       0 |   0.0
        D:5 |    1115 |       0 |   0.0 |      28 |       0 |   0.0
        D:6 |    1374 |     932 |  40.4 |      47 |       2 |   4.1
        D:7 |     615 |     378 |  38.1 |      26 |       1 |   3.7
        D:8 |      48 |       0 |   0.0 |       1 |       0 |   0.0
            +---------+---------+-------+---------+---------+-------
